AoeStats
← awsdaws23

Arena

509358991Analyzed
3v3 RM · 4d ago on Sep 26, 2026· 27m 47s· 6 players
Game mode
Random Map
Map size
Normal (6 player)
Population
200
Speed
Normal
Resources
Standard
Victory
Conquest
Starting age
Dark Age
Ending age
Imperial Age
RankedLock teamsTeams togetherTeam positionsShared explorationLock speedFull tech treeHidden civsTurbo modeCheats
Victory
Defeat
🇨🇳 Turks · China
799
+11
🇯🇵 Ethiopians · Japan
482
+23
🇺🇸 Bohemians · United States
448
+25
🇨🇿 Britons · Czechia
682
-21
🇦🇺 Spanish · Australia
669
-20
🇩🇪 Franks · Germany
626
-18
internet-shop24
11:03 Feudal Age
12:04 Double-Bit Axe
14:27 Loom
18:55 Castle Age
18:27 Stone Mining
MightyOwl
1:36 Loom
9:57 Feudal Age
11:04 Horse Collar
11:15 Double-Bit Axe
14:04 Wheelbarrow
13:14 Town Watch
14:34 Fletching
14:44 Padded Archer Armor
23:11 Castle Age
awsdaws23
12:32 Feudal Age
17:31 Castle Age
15:21 Loom
18:41 Double-Bit Axe
27:02 Husbandry
猫神TRACK
12:28 Feudal Age
15:10 Horse Collar
15:17 Double-Bit Axe
18:16 Castle Age
17:10 Gold Mining
17:32 Stone Mining
19:16 Heavy Plow
20:27 Gold Shaft Mining
26:41 Town Watch
27:31 Wheelbarrow
26:42 Loom
30:24 Imperial Age
Kobe Bryant
10:44 Feudal Age
11:54 Double-Bit Axe
14:16 Castle Age
15:24 Horse Collar
16:07 Heavy Plow
20:24 Wheelbarrow
19:34 Town Watch
22:11 Loom
22:59 Hand Cart
23:52 Bow Saw
28:24 Imperial Age
27:05 Chemistry
27:22 Padded Archer Armor
Carpet Johan
10:30 Feudal Age
11:47 Double-Bit Axe
11:43 Horse Collar
14:26 Castle Age
18:36 Loom
26:47 Wheelbarrow
Connection lost

Rejoining the realm…

Still unreachable

The connection could not be restored.

Session expired

The server has moved on; the page needs a fresh start.